 Dungeon Crawl Stone Soup version 0.22-a0-480-g991dd4b (webtiles) character file.

118 Tallim the Poker (level 5, -5/38 HPs)
             Began as a Merfolk Gladiator on June 14, 2018.
             Slain by a gnoll
             ... wielding a +0 halberd
              (14 damage)
             ... on level 2 of the Dungeon on June 15, 2018.
             The game lasted 00:05:04 (1058 turns).

Tallim the Poker (Merfolk Gladiator)                Turns: 1058, Time: 00:05:05

Health: -5/38      AC:  4    Str: 14    XL:     5   Next: 2%
Magic:  5/5        EV: 14    Int:  8    God:
Gold:   56         SH:  0    Dex: 16    Spells: 4/4 levels left

rFire    . . .     SeeInvis .   a - +0 trident
rCold    . . .     Gourm    .   (no shield)
rNeg     . . .     Faith    .   b - +0 leather armour
rPois    .         Spirit   .   c - +0 helmet
rElec    .         Reflect  .   (no cloak)
rCorr    .         Harm     .   (no gloves)
MR       .....                  (no boots)
Stlth    +.........             (no amulet)
HPRegen  0.12/turn              (no ring)
MPRegen  0.09/turn              (no ring)

@: no status effects
A: change form in water, swift swim, stealthy swim
a: no special abilities


You were on level 2 of the Dungeon.
You were hungry.

You visited 1 branch of the dungeon, and saw 2 of its levels.

You collected 56 gold pieces.

Inventory:

Hand Weapons
 a - a +0 trident (weapon)
 e - a +0 spear
Missiles
 d - 3 throwing nets (quivered)
Armour
 b - a +0 leather armour (worn)
 c - a +0 helmet (worn)
Scrolls
 h - a scroll of noise {unknown}
 i - a scroll of fear {unknown}
 j - a scroll of teleportation {unknown}
 k - a scroll of enchant armour {unknown}
 l - a scroll of identify {unknown}
Comestibles
 f - 2 rations
 g - 2 chunks of flesh


   Skills:
 - Level 2.2 Fighting
 * Level 7.2 Polearms
 - Level 2.0 Throwing
 + Level 0.3 Armour
 + Level 4.7 Dodging
 + Level 0.6 Stealth


You had 4 spell levels left.
You didn't know any spells.
Your spell library was empty.

Dungeon Overview and Level Annotations

Branches:
Dungeon (2/15)

Altars:


Message History

The rat closely misses you.
You see here a giant cockroach corpse.
You puncture the rat!
You kill the rat!
The gnoll hits you from afar with a spear.
The gnoll completely misses you. The gnoll closely misses you.
You closely miss the gnoll.
The gnoll is lightly wounded.
The gnoll hits you but does no damage.
You closely miss the gnoll.
The gnoll is lightly wounded.
The gnoll closely misses you. The gnoll hits you with a spear!
* * * LOW HITPOINT WARNING * * *
You hit the gnoll but do no damage.
The gnoll is lightly wounded.
The gnoll hits you but does no damage. The gnoll barely misses you.
You hit the gnoll.
The gnoll is heavily wounded.
The gnoll hits you from afar with a halberd!
You die...

#.### #.# #.# #
#†######## .# #........#
#.### #..#####.# #.....
#..#####.##....#
#........†.#
#####.#####.@##
#.......###.#g#
.####.###.......##gl.....
.........##.##### J######
#####.##.# .# ..
#.##.##.# ..# ###.......#
..# #.....#.### .?.
#.##.## ...


You could see 2 gnolls, an ooze and a leopard gecko.

Vanquished Creatures
  A bullfrog (D:2)
  A gnoll (D:1)
  An adder (D:2)
  An ooze (D:1)
  A worm (D:2)
  A giant cockroach (D:2)
  4 goblins
  5 hobgoblins
  4 bats (D:1)
  2 frilled lizards
  4 kobolds
  7 rats
32 creatures vanquished.

Notes
Turn   | Place    | Note
-------+----------+-------------------------------------------
     0 | D:1      | Tallim the Merfolk Gladiator began the quest for the Orb.
     0 | D:1      | Reached XP level 1. HP: 16/16 MP: 1/1
    22 | D:1      | Upgraded the game from 0.22-a0-479-gc6e99f3 to 0.22-a0-480-g991dd4b
    99 | D:1      | Reached XP level 2. HP: 22/22 MP: 2/2
   142 | D:1      | Reached skill level 5 in Polearms
   373 | D:1      | Reached XP level 3. HP: 11/27 MP: 3/3
   754 | D:2      | Noticed a bullfrog
   766 | D:2      | Killed a bullfrog
   766 | D:2      | Reached skill level 6 in Polearms
   766 | D:2      | Reached XP level 4. HP: 25/33 MP: 4/4
   881 | D:2      | Reached skill level 7 in Polearms
   913 | D:2      | Reached XP level 5. HP: 26/38 MP: 5/5
  1058 | D:2      | Slain by a gnoll

Vault maps used:
D:1:      dpeg_arrival_tiny_d

Skill      XL: |  1  2  3  4 |
---------------+-------------+-----
Polearms       | 5 6 7 |  7.2
Fighting       | |  2.2
Throwing       | |  2.0
Armour         | |  0.3
Dodging        | |  4.7
Stealth        | |  0.6

Action                   |  1- 3 |  4- 6 || total
-------------------------+-------+-------++-------
Melee: Trident           |    59 |    51 ||   110
 Stab: Sleeping          |     3 |       ||     3
Armor: Leather armour    |    11 |     5 ||    16
Dodge: Dodged            |    26 |    23 ||    49

Table legend:
 A = Spawn XP
 B = Non-spawn XP
 C = Spawn XP percentage of total XP
 D = Spawn monster count
 E = Non-spawn monster count
 F = Spawn count percentage of total count
 G = Total turns spent on level
                    A         B        C        D         E        F      G
               +---------+---------+-------+---------+---------+-------+---------
         Total |       0 |     169 |   0.0 |       0 |      32 |   0.0 |  1058
               +---------+---------+-------+---------+---------+-------+---------
           D:1 |       0 |      47 |   0.0 |       0 |      20 |   0.0 |   719
           D:2 |       0 |     122 |   0.0 |       0 |      12 |   0.0 |   339
               +---------+---------+-------+---------+---------+-------+---------
